PL
PORTLAND EVERGREENS @ CHARLESTON BATTERY
09/03/2042
 
TOP OF THE 1ST
Portland Evergreens batting - Pitching for Charleston Battery : RHP Melvin Tiburcio
Pitching: RHP Melvin Tiburcio
Batting: RHB Richard Jost 0-0: Ball
1-0: Fly out, F8 (Line Drive, 8LM, EV 98.8 MPH)
Batting: LHB Fernando Soto 0-0: Called Strike
0-1: Foul Ball, location: 2F
0-2: Fly out, F6 (Line Drive, 6, EV 69.4 MPH)
Batting: RHB Kameron Guangorena 0-0: Fly out, F9 (Flyball, 9LM, EV 95.0 MPH)
Top of the 1st over - 0 runs, 0 hits, 0 errors, 0 left on base; Portland 0 - Charleston 0
BOTTOM OF THE 1ST
Charleston Battery batting - Pitching for Portland Evergreens : RHP Zaki Fakhiri
Pitching: RHP Zaki Fakhiri
Batting: LHB Rafael Urrutiz 0-0: Ball
1-0: Ground out 1-3 (Groundball, 13, EV 66.2 MPH)
Batting: LHB Benno Luby 0-0: Called Strike
0-1: Ball
1-1: Ball
2-1: Ball
3-1: Called Strike
3-2: Fly out, F9 (Line Drive, 9, EV 93.1 MPH)
Batting: LHB Joey Coco 0-0: Called Strike
0-1: Called Strike
0-2: Foul Ball, location: 2F
0-2: Ball
1-2: Ball
2-2: Foul Ball, location: 2F
2-2: Ball
3-2: Base on Balls
Batting: RHB Melvin Thomas Pickoff Throw to First - Out! 1-3
Bottom of the 1st over - 0 runs, 0 hits, 0 errors, 0 left on base; Portland 0 - Charleston 0
TOP OF THE 2ND
Portland Evergreens batting - Pitching for Charleston Battery : RHP Melvin Tiburcio
Batting: SHB Tetsu Matsumoto 0-0: Ball
1-0: Called Strike
1-1: Called Strike
1-2: Foul Ball, location: 2F
1-2: Foul Ball, location: 2F
1-2: Foul Ball, location: 2F
1-2: Strikes out swinging
Batting: LHB Leonid Machehin 0-0: Fly out, F4 (Line Drive, 4, EV 73.8 MPH)
Batting: SHB Yosuke Daisen 0-0: Called Strike
0-1: Ball
1-1: Foul Ball, location: 2F
1-2: Strikes out swinging
Top of the 2nd over - 0 runs, 0 hits, 0 errors, 0 left on base; Portland 0 - Charleston 0
BOTTOM OF THE 2ND
Charleston Battery batting - Pitching for Portland Evergreens : RHP Zaki Fakhiri
Batting: RHB Melvin Thomas 0-0: Ball
1-0: Foul Ball, location: 2F
1-1: Ball
2-1: Fly out, F9 (Line Drive, 9, EV 90.0 MPH)
Batting: LHB Datu Lesaca 0-0: Ball
1-0: Ball
2-0: DOUBLE (Flyball, 78XD, EV 107.5 MPH)
Batting: RHB Jaime Espinar 0-0: Ball
1-0: Swinging Strike
1-1: Called Strike
1-2: Ball
2-2: Strikes out looking
Batting: RHB Mariano Juderías 0-0: Reached on error, E6 (Groundball, 6, EV 105.0 MPH)
Datu Lesaca scores
Batting: LHB Alfonso López 0-0: Fly out, F9 (Line Drive, 9, EV 95.0 MPH)
Bottom of the 2nd over - 1 run, 1 hit, 1 error, 1 left on base; Portland 0 - Charleston 1
TOP OF THE 3RD
Portland Evergreens batting - Pitching for Charleston Battery : RHP Melvin Tiburcio
Batting: RHB David Milliken 0-0: Ball
1-0: Foul Ball, location: 2F
1-1: Fly out, F8 (Flyball, 78M, EV 80.0 MPH)
Batting: RHB Orlando Samundio 0-0: Ground out 3-1 (Groundball, 34, EV 90.0 MPH)
Batting: RHB Dylan Stavely 0-0: Foul Ball, location: 2F
0-1: Called Strike
0-2: Foul Ball, location: 2F
0-2: Ball
1-2: Fly out, F9 (Flyball, 9LM, EV 108.1 MPH)
Top of the 3rd over - 0 runs, 0 hits, 0 errors, 0 left on base; Portland 0 - Charleston 1
BOTTOM OF THE 3RD
Charleston Battery batting - Pitching for Portland Evergreens : RHP Zaki Fakhiri
Batting: RHB Uoti Vaijärvi 0-0: Ball
1-0: SINGLE (Groundball, 5D, EV 111.2 MPH)
Batting: LHB Rafael Urrutiz 0-0: Called Strike
0-1: Ball
1-1: Swinging Strike
1-2: Strikes out swinging
Batting: LHB Benno Luby 0-0: SINGLE (Flyball, 8LS, EV 90.6 MPH)
Uoti Vaijärvi to second
Batting: LHB Joey Coco 0-0: Ball
Wild Pitch!
Uoti Vaijärvi to third
Benno Luby to second
1-0: Ball
2-0: Foul Ball, location: 2F
2-1: Fly out, F9 (Flyball, 9D, EV 106.9 MPH)
Runner from 3rd tags up, OUT at HOME! 9-2
Bottom of the 3rd over - 0 runs, 2 hits, 0 errors, 1 left on base; Portland 0 - Charleston 1
TOP OF THE 4TH
Portland Evergreens batting - Pitching for Charleston Battery : RHP Melvin Tiburcio
Batting: RHB Richard Jost 0-0: Called Strike
0-1: Called Strike
0-2: Hit by Pitch
Batting: LHB Fernando Soto 0-0: Foul Ball, location: 2F
0-1: Ground out 5-3 (Groundball, 56S, EV 70.6 MPH)
Richard Jost to second
Batting: RHB Kameron Guangorena 0-0: Called Strike
0-1: Ball
1-1: Ball
2-1: Ball
3-1: Base on Balls
Batting: SHB Tetsu Matsumoto 0-0: Ball
1-0: Ball
2-0: Called Strike
2-1: Called Strike
2-2: Ball
3-2: 3-RUN HOME RUN (Flyball, 9D, EV 112.5 MPH), Distance : 384 ft
Batting: LHB Leonid Machehin 0-0: Ball
1-0: Called Strike
1-1: SINGLE (Line Drive, 78S, EV 90.6 MPH)
Batting: SHB Yosuke Daisen 0-0: Ball
1-0: Ball
2-0: Foul Ball, location: 2F
2-1: Fly out, F7 (Flyball, 7S, EV 81.9 MPH)
Batting: RHB David Milliken 0-0: Fielders Choice at 2nd, 6-4 (Groundball, 56, EV 105.0 MPH)
Top of the 4th over - 3 runs, 2 hits, 0 errors, 1 left on base; Portland 3 - Charleston 1
BOTTOM OF THE 4TH
Charleston Battery batting - Pitching for Portland Evergreens : RHP Zaki Fakhiri
Batting: RHB Melvin Thomas 0-0: Foul Ball, location: 2F
0-1: Ball
1-1: Foul Ball, location: 2F
1-2: Fly out, F8 (Flyball, 8RXD, EV 108.1 MPH)
Batting: LHB Datu Lesaca 0-0: Called Strike
0-1: Ball
1-1: Foul Ball, location: 2F
1-2: Ball
2-2: Ball
3-2: Foul Ball, location: 2F
3-2: Ground out 3-1 (Groundball, 34S, EV 66.9 MPH)
Batting: RHB Jaime Espinar 0-0: Called Strike
0-1: Foul Ball, location: 2F
0-2: Reached on error, E5 (Groundball, 56, EV 106.2 MPH)
Batting: RHB Mariano Juderías 0-0: Ball
1-0: DOUBLE (Line Drive, 8LXD, EV 106.9 MPH)
Jaime Espinar to third
Batting: LHB Alfonso López 0-0: Ball
1-0: Foul Ball, location: 2F
1-1: Foul Ball, location: 2F
1-2: Ball
2-2: Ball
3-2: Strikes out swinging
Bottom of the 4th over - 0 runs, 1 hit, 1 error, 2 left on base; Portland 3 - Charleston 1
TOP OF THE 5TH
Portland Evergreens batting - Pitching for Charleston Battery : RHP Melvin Tiburcio
Batting: RHB Orlando Samundio 0-0: Swinging Strike
0-1: Ball
1-1: SINGLE (Line Drive, 56D, EV 96.9 MPH)
Batting: RHB Dylan Stavely 0-0: Ball
1-0: Ball
2-0: Fly out, F8 (Flyball, 89D, EV 86.9 MPH)
Batting: RHB Richard Jost 0-0: Called Strike
0-1: Grounds into double play, 5-4-3 (Groundball, 56, EV 106.9 MPH)
Top of the 5th over - 0 runs, 1 hit, 0 errors, 0 left on base; Portland 3 - Charleston 1
BOTTOM OF THE 5TH
Charleston Battery batting - Pitching for Portland Evergreens : RHP Zaki Fakhiri
Batting: RHB Uoti Vaijärvi 0-0: Ground out 4-3 (Groundball, 34, EV 107.5 MPH)
Batting: LHB Rafael Urrutiz 0-0: Called Strike
0-1: Ground out 5-3 (Groundball, 5, EV 103.8 MPH)
Batting: LHB Benno Luby 0-0: Called Strike
0-1: Ball
1-1: Ball
2-1: Foul Ball, location: 2F
2-2: Foul Ball, location: 2F
2-2: Strikes out swinging
Bottom of the 5th over - 0 runs, 0 hits, 0 errors, 0 left on base; Portland 3 - Charleston 1
TOP OF THE 6TH
Portland Evergreens batting - Pitching for Charleston Battery : RHP Melvin Tiburcio
Batting: LHB Fernando Soto 0-0: Ground out 1-3 (Groundball, 34S, EV 90.6 MPH)
Batting: RHB Kameron Guangorena 0-0: Called Strike
0-1: SINGLE (Groundball, 56D, EV 101.2 MPH)
Batting: SHB Tetsu Matsumoto 0-0: Ball
1-0: Foul Ball, location: 2F
1-1: Foul Ball, location: 2F
1-2: Ball
2-2: Foul Ball, location: 2F
2-2: Foul Ball, location: 2F
2-2: SINGLE (Line Drive, 89S, EV 106.9 MPH)
Kameron Guangorena to second
Batting: LHB Leonid Machehin 0-0: Called Strike
0-1: Ball
1-1: Swinging Strike
1-2: Strikes out swinging
Batting: SHB Yosuke Daisen 0-0: Called Strike
0-1: Ball
1-1: Called Strike
1-2: Ball
2-2: Fly out, F4 (Popup, 4S, EV 77.5 MPH)
Top of the 6th over - 0 runs, 2 hits, 0 errors, 2 left on base; Portland 3 - Charleston 1
BOTTOM OF THE 6TH
Charleston Battery batting - Pitching for Portland Evergreens : RHP Zaki Fakhiri
Pitching: RHP Ron Rouse
Batting: LHB Joey Coco 0-0: Foul Ball, location: 2F
0-1: Ball
1-1: Foul Ball, location: 2F
1-2: Ball
2-2: DOUBLE (Line Drive, 78D, EV 106.2 MPH)
Batting: RHB Melvin Thomas 0-0: Ball
1-0: Foul Ball, location: 2F
1-1: Foul Ball, location: 2F
1-2: Ball
2-2: Ball
3-2: Foul Ball, location: 2F
3-2: Base on Balls
Batting: LHB Datu Lesaca 0-0: Called Strike
0-1: Fielders Choice at 2nd, 1-6 (Groundball, 13, EV 86.2 MPH)
Joey Coco to third
Batting: RHB Jaime Espinar 0-0: Ball
1-0: Swinging Strike
1-1: Ball
2-1: Fly out, F3 (Popup, 3F, EV 78.1 MPH)
Batting: RHB Mariano Juderías 0-0: Called Strike
0-1: Ball
1-1: Ball
2-1: Foul Ball, location: 2F
2-2: Strikes out looking
Bottom of the 6th over - 0 runs, 1 hit, 0 errors, 2 left on base; Portland 3 - Charleston 1
TOP OF THE 7TH
Portland Evergreens batting - Pitching for Charleston Battery : RHP Melvin Tiburcio
Batting: RHB David Milliken 0-0: Called Strike
0-1: Swinging Strike
0-2: Foul Ball, location: 2F
0-2: Fly out, F8 (Flyball, 8LM, EV 93.1 MPH)
Batting: RHB Orlando Samundio 0-0: SINGLE (Line Drive, 8RS, EV 101.2 MPH)
Batting: RHB Dylan Stavely 0-0: Called Strike
0-1: Ball
1-1: Ball
2-1: Foul Ball, location: 2F
2-2: Fly out, F7 (Flyball, 7, EV 85.6 MPH)
Batting: RHB Richard Jost 0-0: Ball
1-0: 2-RUN HOME RUN (Flyball, 7D, EV 105.0 MPH), Distance : 363 ft
Pitching: RHP Juan Delgado
Batting: LHB Fernando Soto 0-0: SOLO HOME RUN (Flyball, 9D, EV 86.9 MPH), Distance : 383 ft
Batting: RHB Kameron Guangorena 0-0: Ground out 6-3 (Groundball, 6, EV 104.4 MPH)
Top of the 7th over - 3 runs, 3 hits, 0 errors, 0 left on base; Portland 6 - Charleston 1
BOTTOM OF THE 7TH
Charleston Battery batting - Pitching for Portland Evergreens : RHP Ron Rouse
Batting: LHB Alfonso López 0-0: Called Strike
0-1: Foul Ball, location: 2F
0-2: Foul Ball, location: 2F
0-2: Ball
1-2: Foul Ball, location: 2F
1-2: Fly out, F8 (Line Drive, 8RM, EV 98.8 MPH)
Batting: RHB Uoti Vaijärvi 0-0: Ball
1-0: Foul Ball, location: 2F
1-1: Foul Ball, location: 2F
1-2: Strikes out swinging, 2-3 out at first.
Pitching: RHP Mark Robinson
Batting: LHB Rafael Urrutiz 0-0: Ball
1-0: Ball
2-0: Swinging Strike
2-1: Ball
3-1: Called Strike
3-2: Base on Balls
Batting: LHB Benno Luby 0-0: Ball
1-0: Called Strike
1-1: Called Strike
1-2: Foul Ball, location: 2F
1-2: Foul Ball, location: 2F
1-2: Ball
2-2: Foul Ball, location: 2F
2-2: Foul Ball, location: 2F
2-2: Foul Ball, location: 2F
2-2: Ball
3-2: Fly out, F4 (Popup, 34D, EV 54.4 MPH)
Bottom of the 7th over - 0 runs, 0 hits, 0 errors, 1 left on base; Portland 6 - Charleston 1
TOP OF THE 8TH
Portland Evergreens batting - Pitching for Charleston Battery : RHP Juan Delgado
Batting: SHB Tetsu Matsumoto 0-0: Ball
1-0: Foul Ball, location: 2F
1-1: Called Strike
1-2: Strikes out swinging
Batting: LHB Leonid Machehin 0-0: Ball
1-0: Ball
2-0: Called Strike
2-1: Swinging Strike
2-2: Strikes out swinging
Batting: SHB Yosuke Daisen 0-0: Ball
1-0: Ball
2-0: Ball
3-0: Called Strike
3-1: Base on Balls
Batting: RHB David Milliken 0-0: Ball
1-0: Called Strike
1-1: Swinging Strike
1-2: Ball
2-2: Strikes out swinging
Top of the 8th over - 0 runs, 0 hits, 0 errors, 1 left on base; Portland 6 - Charleston 1
BOTTOM OF THE 8TH
Charleston Battery batting - Pitching for Portland Evergreens : RHP Mark Robinson
Batting: LHB Joey Coco 0-0: Called Strike
0-1: Swinging Strike
0-2: Ball
1-2: Ball
2-2: Foul Ball, location: 2F
2-2: Foul Ball, location: 2F
2-2: Ball
3-2: Foul Ball, location: 2F
3-2: Ground out U3 (Groundball, 3, EV 95.6 MPH)
Batting: RHB Melvin Thomas 0-0: Ground out 3-1 (Groundball, 34, EV 79.4 MPH)
Batting: LHB Datu Lesaca 0-0: Called Strike
0-1: Ball
1-1: Called Strike
1-2: Ground out 1-3 (Groundball, 13, EV 87.5 MPH)
Bottom of the 8th over - 0 runs, 0 hits, 0 errors, 0 left on base; Portland 6 - Charleston 1
TOP OF THE 9TH
Portland Evergreens batting - Pitching for Charleston Battery : RHP Juan Delgado
Batting: RHB Orlando Samundio 0-0: Ground out 4-3 (Groundball, 4D, EV 106.9 MPH)
Batting: RHB Dylan Stavely 0-0: Ball
1-0: Foul Ball, location: 2F
1-1: Swinging Strike
1-2: Ball
2-2: Strikes out looking
Batting: RHB Richard Jost 0-0: Swinging Strike
0-1: Ball
1-1: Foul Ball, location: 2F
1-2: Strikes out swinging
Top of the 9th over - 0 runs, 0 hits, 0 errors, 0 left on base; Portland 6 - Charleston 1
BOTTOM OF THE 9TH
Charleston Battery batting - Pitching for Portland Evergreens : RHP Mark Robinson
Batting: RHB Jaime Espinar 0-0: Ball
1-0: Ball
2-0: Called Strike
2-1: Ground out 6-3 (Groundball, 6MS, EV 90.6 MPH)
Batting: RHB Mariano Juderías 0-0: Ball
1-0: Foul Ball, location: 2F
1-1: Fly out, F8 (Flyball, 8RS, EV 88.1 MPH)
Pitching: LHP Raúl Romero
Batting: LHB Alfonso López 0-0: Ball
1-0: Foul Ball, location: 2F
1-1: Ball
2-1: Swinging Strike
2-2: Ball
3-2: Foul Ball, location: 2F
3-2: Strikes out swinging
Bottom of the 9th over - 0 runs, 0 hits, 0 errors, 0 left on base; Portland 6 - Charleston 1
Friday, March 26th, 2021 - OOTP Baseball 20.8 Build 74